| TOP OF THE 1ST |
|
Montgomery Biscuits batting - Pitching for Erie SeaWolves : RHP Alex Garrett
|
|
Pitching: RHP Alex Garrett
|
|
|
Batting: LHB Bill McGregor
|
0-0: Ball 1-0: Ball 2-0: Called Strike 2-1: Ball 3-1: Base on Balls
|
|
Batting: LHB Mark Marvin
|
0-0: Ball 1-0: Called Strike 1-1: Called Strike 1-2: Ball 2-2: Fielders Choice at 2nd, 4-6 (Groundball, 4, EV 82.5 MPH)
|
|
Batting: RHB David Ward
|
0-0: Ball Mark Marvin steals 2nd base 1-0: Foul Ball, location: 2F 1-1: Ball 2-1: Fly out, F8 (Flyball, 8RM, EV 83.8 MPH)
|
|
Batting: RHB Jonathan Fraire
|
0-0: Called Strike 0-1: Ground out 5-3 (Groundball, 15, EV 85.0 MPH)
|
| Top of the 1st over - 0 runs, 0 hits, 0 errors, 1 left on base; Montgomery 0 - Erie 0 |
| BOTTOM OF THE 1ST |
|
Erie SeaWolves batting - Pitching for Montgomery Biscuits : RHP Jason Cheek
|
|
Pitching: RHP Jason Cheek
|
|
|
Batting: RHB Eric Angelle
|
0-0: Called Strike 0-1: Ball 1-1: Fly out, F9 (Flyball, 9, EV 71.9 MPH)
|
|
Batting: LHB Freddy Troncoso
|
0-0: Called Strike 0-1: Foul Ball, location: 2F 0-2: Ball 1-2: Ball 2-2: Ball 3-2: Base on Balls
|
|
Batting: LHB Jon Frederick
|
0-0: Ball Freddy Troncoso is caught stealing 2nd base 2-6 1-0: Foul Ball, location: 2F 1-1: Swinging Strike 1-2: Ground out 6-3 (Groundball, 4D, EV 101.2 MPH)
|
| Bottom of the 1st over - 0 runs, 0 hits, 0 errors, 0 left on base; Montgomery 0 - Erie 0 |
| TOP OF THE 2ND |
|
Montgomery Biscuits batting - Pitching for Erie SeaWolves : RHP Alex Garrett
|
|
Batting: SHB Wayne Hattan
|
0-0: Ball 1-0: Swinging Strike 1-1: Foul Ball, location: 2F 1-2: Fly out, F7 (Flyball, 7LM, EV 79.4 MPH)
|
|
Batting: RHB Mark Richert
|
0-0: Ball 1-0: Swinging Strike 1-1: Called Strike 1-2: Strikes out looking
|
|
Batting: LHB Dan Hunt
|
0-0: Foul Ball, location: 2F 0-1: Ball 1-1: SINGLE (Flyball, 78S, EV 96.9 MPH)
|
|
Batting: RHB Kunizo Yanagisawa
|
0-0: Ball Dan Hunt steals 2nd base 1-0: Foul Ball, location: 2F 1-1: Called Strike 1-2: Ball 2-2: Foul Ball, location: 2F 2-2: Ball 3-2: Foul Ball, location: 2F 3-2: Foul Ball, location: 2F 3-2: Foul Ball, location: 2F 3-2: Foul Ball, location: 2F 3-2: Foul Ball, location: 2F 3-2: Fly out, F8 (Flyball, 8RD, EV 103.8 MPH)
|
| Top of the 2nd over - 0 runs, 1 hit, 0 errors, 1 left on base; Montgomery 0 - Erie 0 |
| BOTTOM OF THE 2ND |
|
Erie SeaWolves batting - Pitching for Montgomery Biscuits : RHP Jason Cheek
|
|
Batting: RHB John Evancho
|
0-0: Ball 1-0: Ball 2-0: SINGLE (Line Drive, 34D, EV 100.0 MPH)
|
|
Batting: RHB Aaron Cusick
|
0-0: Called Strike 0-1: Hit by Pitch John Evancho to second
|
|
Batting: RHB Carlos Armenteros
|
0-0: Ball 1-0: Foul Ball, location: 2F 1-1: Called Strike 1-2: Ball 2-2: Strikes out swinging
|
|
Batting: RHB Tanner Purchase
|
0-0: Called Strike 0-1: Called Strike 0-2: Ball 1-2: Foul Ball, location: 2F 1-2: Ball 2-2: Ball 3-2: Strikes out swinging
|
|
Batting: SHB Sean Foley
|
0-0: Ground out 3-1 (Groundball, 34, EV 88.1 MPH)
|
| Bottom of the 2nd over - 0 runs, 1 hit, 0 errors, 2 left on base; Montgomery 0 - Erie 0 |
| TOP OF THE 3RD |
|
Montgomery Biscuits batting - Pitching for Erie SeaWolves : RHP Alex Garrett
|
|
Batting: RHB Chris Glavin
|
0-0: Called Strike 0-1: Ball 1-1: Ball 2-1: Swinging Strike 2-2: Ball 3-2: Foul Ball, location: 2F 3-2: Foul Ball, location: 2F 3-2: Base on Balls
|
|
Batting: LHB Bill McGregor
|
0-0: Called Strike 0-1: Ball 1-1: Ball 2-1: Foul Ball, location: 2F 2-2: Ball 3-2: Fielders Choice at 2nd, 5-4 (Groundball, 25, EV 83.1 MPH)
|
|
Batting: LHB Mark Marvin
|
0-0: Called Strike 0-1: Called Strike 0-2: Ball 1-2: Foul Ball, location: 2F 1-2: Strikes out swinging
|
|
Batting: RHB David Ward
|
0-0: Ball 1-0: Swinging Strike 1-1: Called Strike 1-2: Fly out, F8 (Flyball, 8LXD, EV 92.5 MPH)
|
| Top of the 3rd over - 0 runs, 0 hits, 0 errors, 1 left on base; Montgomery 0 - Erie 0 |
| BOTTOM OF THE 3RD |
|
Erie SeaWolves batting - Pitching for Montgomery Biscuits : RHP Jason Cheek
|
|
Batting: LHB Luis Dominguez
|
0-0: Called Strike 0-1: Ball 1-1: Ball 2-1: Called Strike 2-2: Ground out 6-3 (Groundball, 4MD, EV 89.4 MPH)
|
|
Batting: RHB Eric Angelle
|
0-0: Ball 1-0: Foul Ball, location: 2F 1-1: Called Strike 1-2: Ball 2-2: SINGLE (Groundball, 6MD, EV 100.6 MPH)
|
|
Batting: LHB Freddy Troncoso
|
0-0: Ball 1-0: Ball 2-0: Ball 3-0: Base on Balls Eric Angelle to second
|
|
Batting: LHB Jon Frederick
|
0-0: Called Strike 0-1: DOUBLE (Line Drive, 7LM, EV 104.4 MPH) Eric Angelle scores Freddy Troncoso to third Runner from 3rd tries for Home, SAFE, throw by LF to home
|
|
Batting: RHB John Evancho
|
0-0: Called Strike 0-1: Foul Ball, location: 2F 0-2: Ball 1-2: SINGLE (Line Drive, 78M, EV 111.2 MPH) Jon Frederick to third Runner from 3rd tries for Home, SAFE, throw by LF to home John Evancho to second
|
|
Batting: RHB Aaron Cusick
|
0-0: Ball 1-0: Foul Ball, location: 2F 1-1: Called Strike 1-2: Foul Ball, location: 2F 1-2: Strikes out swinging
|
|
Batting: RHB Carlos Armenteros
|
0-0: Foul Ball, location: 2F 0-1: Fly out, F3 (Line Drive, 3L, EV 73.8 MPH)
|
| Bottom of the 3rd over - 3 runs, 3 hits, 0 errors, 1 left on base; Montgomery 0 - Erie 3 |
| TOP OF THE 4TH |
|
Montgomery Biscuits batting - Pitching for Erie SeaWolves : RHP Alex Garrett
|
|
Batting: RHB Jonathan Fraire
|
0-0: Foul Ball, location: 2F 0-1: Swinging Strike 0-2: Foul Ball, location: 2F 0-2: Ball 1-2: Ball 2-2: Foul Ball, location: 2F 2-2: Foul Ball, location: 2F 2-2: Foul Ball, location: 2F 2-2: Ground out 3-1 (Groundball, 34, EV 77.5 MPH)
|
|
Batting: SHB Wayne Hattan
|
0-0: Ball 1-0: Foul Ball, location: 2F 1-1: Ball 2-1: Ball 3-1: Base on Balls
|
|
Batting: RHB Mark Richert
|
0-0: Fly out, F8 (Flyball, 8RM, EV 84.4 MPH)
|
|
Batting: LHB Dan Hunt
|
0-0: Ball 1-0: Foul Ball, location: 2F 1-1: Ball 2-1: Foul Ball, location: 2F 2-2: Strikes out swinging
|
| Top of the 4th over - 0 runs, 0 hits, 0 errors, 1 left on base; Montgomery 0 - Erie 3 |
| BOTTOM OF THE 4TH |
|
Erie SeaWolves batting - Pitching for Montgomery Biscuits : RHP Jason Cheek
|
|
Batting: RHB Tanner Purchase
|
0-0: DOUBLE (Groundball, 5L, EV 101.9 MPH)
|
|
Batting: SHB Sean Foley
|
0-0: Ball 1-0: Swinging Strike 1-1: Ground out 4-3 (Groundball, 4MS, EV 86.2 MPH) Tanner Purchase to third
|
|
Batting: LHB Luis Dominguez
|
0-0: Called Strike 0-1: SINGLE (Line Drive, 6D, EV 99.4 MPH) Tanner Purchase scores
|
|
Batting: RHB Eric Angelle
|
0-0: Ball Luis Dominguez steals 2nd base 1-0: Ball 2-0: SINGLE (Groundball, 6MD, EV 105.0 MPH) Luis Dominguez to third Runner from 3rd tries for Home, throw by CF and OUT! 8-2 Eric Angelle to second
|
|
Batting: LHB Freddy Troncoso
|
0-0: Called Strike 0-1: Reached on error, E6 (Groundball, 6M, EV 104.4 MPH) Eric Angelle to third
|
|
Batting: LHB Jon Frederick
|
0-0: Swinging Strike 0-1: Ball 1-1: Called Strike 1-2: Ball 2-2: Strikes out swinging
|
| Bottom of the 4th over - 1 run, 3 hits, 1 error, 2 left on base; Montgomery 0 - Erie 4 |
| TOP OF THE 5TH |
|
Montgomery Biscuits batting - Pitching for Erie SeaWolves : RHP Alex Garrett
|
|
Batting: RHB Kunizo Yanagisawa
|
0-0: Ball 1-0: Ball 2-0: Foul Ball, location: 2F 2-1: Fly out, F7 (Flyball, 78S, EV 85.6 MPH)
|
|
Batting: RHB Chris Glavin
|
0-0: Called Strike 0-1: Ball 1-1: Ball 2-1: Ground out 5-3 (Groundball, 5, EV 87.5 MPH)
|
|
Batting: LHB Bill McGregor
|
0-0: Ball 1-0: Foul Ball, location: 2F 1-1: Ball 2-1: Foul Ball, location: 2F 2-2: Foul Ball, location: 2F 2-2: Ball 3-2: Base on Balls
|
|
Batting: LHB Mark Marvin
|
0-0: Called Strike Bill McGregor steals 2nd base (no throw) 0-1: SINGLE (Line Drive, 9S, EV 106.9 MPH) Bill McGregor to third Runner from 3rd tries for Home, SAFE, throw by RF to home
|
|
Batting: RHB David Ward
|
0-0: Called Strike Mark Marvin steals 2nd, throwing error, E2 Mark Marvin to third 0-1: Ground out 5-3 (Groundball, 56S, EV 85.6 MPH)
|
| Top of the 5th over - 1 run, 1 hit, 1 error, 1 left on base; Montgomery 1 - Erie 4 |
| BOTTOM OF THE 5TH |
|
Erie SeaWolves batting - Pitching for Montgomery Biscuits : RHP Jason Cheek
|
|
Batting: RHB John Evancho
|
0-0: Ball 1-0: Ball 2-0: Called Strike 2-1: Swinging Strike 2-2: Ball 3-2: Ground out 5-3 (Groundball, 56S, EV 71.9 MPH)
|
|
Batting: RHB Aaron Cusick
|
0-0: Fly out, F5 (Line Drive, 5, EV 62.5 MPH)
|
|
Batting: RHB Carlos Armenteros
|
0-0: Ball 1-0: Swinging Strike 1-1: Foul Ball, location: 2F 1-2: Ground out 4-3 (Groundball, 34, EV 90.0 MPH)
|
| Bottom of the 5th over - 0 runs, 0 hits, 0 errors, 0 left on base; Montgomery 1 - Erie 4 |
| TOP OF THE 6TH |
|
Montgomery Biscuits batting - Pitching for Erie SeaWolves : RHP Alex Garrett
|
|
Batting: RHB Jonathan Fraire
|
0-0: Ground out U3 (Groundball, 3, EV 88.8 MPH)
|
|
Batting: SHB Wayne Hattan
|
0-0: Called Strike 0-1: Fly out, F7 (Flyball, 7LMF, EV 93.8 MPH)
|
|
Batting: RHB Mark Richert
|
0-0: Ball 1-0: Foul Ball, location: 2F 1-1: Ground out 6-3 (Groundball, 6MS, EV 84.4 MPH)
|
| Top of the 6th over - 0 runs, 0 hits, 0 errors, 0 left on base; Montgomery 1 - Erie 4 |
| BOTTOM OF THE 6TH |
|
Erie SeaWolves batting - Pitching for Montgomery Biscuits : RHP Jason Cheek
|
|
Batting: RHB Tanner Purchase
|
0-0: Fly out, F9 (Flyball, 89M, EV 90.6 MPH)
|
|
Batting: SHB Sean Foley
|
0-0: Swinging Strike 0-1: Ball 1-1: Ball 2-1: Ball 3-1: Called Strike 3-2: Base on Balls
|
|
Batting: LHB Luis Dominguez
|
0-0: Ball Sean Foley steals 2nd base (no throw) 1-0: Called Strike 1-1: Called Strike 1-2: Ground out 4-3 (Groundball, 34, EV 97.5 MPH) Sean Foley to third
|
|
Batting: RHB Eric Angelle
|
0-0: Ball 1-0: Called Strike 1-1: Foul Ball, location: 2F 1-2: Foul Ball, location: 2F 1-2: Strikes out looking
|
| Bottom of the 6th over - 0 runs, 0 hits, 0 errors, 1 left on base; Montgomery 1 - Erie 4 |
| TOP OF THE 7TH |
|
Montgomery Biscuits batting - Pitching for Erie SeaWolves : RHP Alex Garrett
|
|
Pitching: RHP Adam Huemmer
|
|
|
Batting: LHB Dan Hunt
|
0-0: Ball 1-0: Ball 2-0: Called Strike 2-1: Ground out 6-3 (Groundball, 6, EV 104.4 MPH)
|
|
Batting: RHB Kunizo Yanagisawa
|
0-0: Called Strike 0-1: Swinging Strike 0-2: Strikes out looking
|
|
Pinch Hitting: SHB Julio Hernandez
|
0-0: Called Strike 0-1: Swinging Strike 0-2: Ball 1-2: Ball 2-2: Strikes out looking
|
| Top of the 7th over - 0 runs, 0 hits, 0 errors, 0 left on base; Montgomery 1 - Erie 4 |
| BOTTOM OF THE 7TH |
|
Erie SeaWolves batting - Pitching for Montgomery Biscuits : RHP Jason Cheek
|
|
Pitching: RHP Chris Marino
|
|
|
Now at 2B: Lou Kroneman
|
|
|
Now at 3B: Mark Marvin
|
|
|
Batting: LHB Freddy Troncoso
|
0-0: Ball 1-0: Called Strike 1-1: Ball 2-1: Called Strike 2-2: Foul Ball, location: 2F 2-2: Ball 3-2: Foul Ball, location: 2F 3-2: DOUBLE (Line Drive, 78D, EV 111.2 MPH)
|
|
Batting: LHB Jon Frederick
|
0-0: Called Strike 0-1: Ground out U3 (Groundball, 34, EV 82.5 MPH) Freddy Troncoso to third
|
|
Batting: RHB John Evancho
|
0-0: Ball 1-0: SINGLE (Line Drive, 4D, EV 93.8 MPH) Freddy Troncoso scores
|
|
Batting: RHB Aaron Cusick
|
0-0: SINGLE (Line Drive, 6M, EV 94.4 MPH) John Evancho to second
|
|
Batting: RHB Carlos Armenteros
|
0-0: Ball 1-0: Ball 2-0: Ball 3-0: Base on Balls John Evancho to third Aaron Cusick to second
|
|
Batting: RHB Tanner Purchase
|
0-0: Called Strike 0-1: Called Strike 0-2: Strikes out swinging
|
|
Batting: SHB Sean Foley
|
0-0: Ball 1-0: Swinging Strike 1-1: Ball 2-1: Ground out 4-3 (Groundball, 4, EV 88.8 MPH)
|
| Bottom of the 7th over - 1 run, 3 hits, 0 errors, 3 left on base; Montgomery 1 - Erie 5 |
| TOP OF THE 8TH |
|
Montgomery Biscuits batting - Pitching for Erie SeaWolves : RHP Adam Huemmer
|
|
Batting: LHB Bill McGregor
|
0-0: Foul Ball, location: 2F 0-1: Called Strike 0-2: Strikes out swinging
|
|
Batting: LHB Mark Marvin
|
0-0: Called Strike 0-1: SINGLE (Groundball, 34S, EV 62.5 MPH) (infield hit)
|
|
Batting: RHB David Ward
|
0-0: Foul Ball, location: 2F 0-1: Ball 1-1: Ball 2-1: Swinging Strike 2-2: Ball 3-2: Foul Ball, location: 2F 3-2: Strikes out swinging
|
|
Batting: RHB Jonathan Fraire
|
0-0: Ball 1-0: Ball 2-0: Ball 3-0: Called Strike 3-1: Base on Balls Mark Marvin to second
|
|
Batting: SHB Wayne Hattan
|
0-0: Ball 1-0: Foul Ball, location: 2F 1-1: Foul Ball, location: 2F 1-2: Ball 2-2: Foul Ball, location: 2F 2-2: Strikes out swinging
|
| Top of the 8th over - 0 runs, 1 hit, 0 errors, 2 left on base; Montgomery 1 - Erie 5 |
| BOTTOM OF THE 8TH |
|
Erie SeaWolves batting - Pitching for Montgomery Biscuits : RHP Chris Marino
|
|
Batting: LHB Luis Dominguez
|
0-0: Ball 1-0: Ground out 6-3 (Groundball, 4M, EV 91.9 MPH)
|
|
Batting: RHB Eric Angelle
|
0-0: Ball 1-0: Fly out, F9 (Flyball, 89S, EV 90.0 MPH)
|
|
Batting: LHB Freddy Troncoso
|
0-0: Ball 1-0: Fly out, F8 (Flyball, 8LD, EV 74.4 MPH)
|
| Bottom of the 8th over - 0 runs, 0 hits, 0 errors, 0 left on base; Montgomery 1 - Erie 5 |
| TOP OF THE 9TH |
|
Montgomery Biscuits batting - Pitching for Erie SeaWolves : RHP Adam Huemmer
|
|
Pitching: RHP Luis Brown
|
|
|
Batting: RHB Mark Richert
|
0-0: Foul Ball, location: 2F 0-1: Fly out, F9 (Line Drive, 4D, EV 75.0 MPH)
|
|
Batting: LHB Dan Hunt
|
0-0: Ball 1-0: Swinging Strike 1-1: Swinging Strike 1-2: Strikes out swinging
|
|
Batting: RHB Kunizo Yanagisawa
|
0-0: Ball 1-0: Called Strike 1-1: SINGLE (Groundball, 6MD, EV 105.6 MPH)
|
|
Batting: SHB Lou Kroneman
|
0-0: Swinging Strike 0-1: SINGLE (Line Drive, 8RS, EV 94.4 MPH) Kunizo Yanagisawa to second
|
|
Batting: LHB Bill McGregor
|
0-0: Ball 1-0: Fielders Choice at 2nd, 6-4 (Groundball, 6, EV 78.8 MPH)
|
| Top of the 9th over - 0 runs, 2 hits, 0 errors, 2 left on base; Montgomery 1 - Erie 5 |
|